[Event "13th London Chess Classic 2023"]
[Site "London"]
[Date "2023.12.10"]
[Round "9.4"]
[White "Niemann, Hans Moke"]
[Black "Gukesh D"]
[Result "1-0"]
[ECO "C54"]
[WhiteElo "2659"]
[BlackElo "2746"]
[Annotator "TA"]
[PlyCount "69"]
[EventDate "2023.11.27"]
[EventType "tourn"]
[EventCountry "ENG"]
[SourceTitle "playchess.com"]
[Source "ChessBase"]
[SourceQuality "1"]
[TimeControl "40/5400+30:1800+30"]

1. e4 e5 2. Nf3 Nc6 3. Bc4 Bc5 4. d3 Nf6 5. O-O d6 6. c3 a6 7. a4 {[%emt 0:01:05] C54: Giuoco Piano: 4 c3 Nf6, main lines with 5 d4 and 5 d3.} Ba7 8. Re1 {[%emt 0:01:22] 8.Re1 is better than 8.Nbd2.} h6 9. a5 {[%emt 0:02:15] The position is equal.} g5 10. Be3 g4 {[%emt 0:04:06] [#] Strongly threatening ...Bxe3.} 11. Nfd2 {[%emt 0:01:12] [#]} Bxe3 $146 ({Predecessor:} 11... h5 12. Bxa7 Rxa7 13. b4 h4 14. Rf1 Nh5 15. Na3 Nf4 16. Nc2 Qg5 17. Ne3 g3 {1-0 Yu,Y (2704)-Ju,W (2560) Danzhou 12th rapid 2021 (3)}) 12. fxe3 Nh7 13. Nf1 (13. b4 $11) 13... h5 $15 14. Ng3 Qg5 ({Better is} 14... h4 $15 15. Nf5 Bxf5 16. exf5 d5) 15. Nd2 $11 Ne7 ({Black should try} 15... Nf6 $15) 16. Qa4+ c6 17. Qb4 $36 {[%emt 0:02:25][%mdl 2048] White has good play.} (17. Bb3 $5 ) 17... h4 18. Nf5 Bxf5 19. exf5 {[%emt 0:00:19] Black must now prevent Ne4.} (19. Qxb7 $5 O-O $8 20. exf5 $14) 19... d5 {[%emt 0:00:04] Wards off Ne4} 20. Bb3 (20. Ba2 $14 {is superior.}) 20... O-O $2 {[%emt 0:13:10] [#] White leaves nothing to chance now.} (20... O-O-O $11 {and Black stays safe.}) 21. Ra4 $1 $18 ({Don't take} 21. Qxb7 $6 Rfe8 $14) 21... g3 22. Qxh4 Qxh4 23. Rxh4 gxh2+ (23... Nxf5 $142 24. Rg4+ Kh8 25. hxg3 Rfd8) 24. Rxh2 ({Don't do} 24. Kxh2 $6 Kg7 25. Kg1 Nxf5 $16) 24... f6 {[%emt 0:09:20] Black is weak on the light squares} 25. e4 Rf7 26. Nf3 Rg7 27. d4 exd4 28. Nxd4 {[%emt 0:00:24] Ne6 is the strong threat.} Ng5 29. exd5 Nxd5 30. Rh6 Kf7 31. Kf1 Rag8 $2 (31... Rh7) 32. c4 {[%emt 0:03:58] White is clearly winning.} Nc7 33. c5+ Nd5 34. Bxd5+ cxd5 35. Ne6 {[%emt 0:00:05] Weighted Error Value: White=0.16 (very precise) /Black=0.39} 1-0

[Event "13th London Chess Classic 2023"]
[Site "London"]
[Date "2023.12.10"]
[Round "9.5"]
[White "Bartel, Mateusz"]
[Black "Vitiugov, Nikita"]
[Result "1/2-1/2"]
[ECO "B30"]
[WhiteElo "2651"]
[BlackElo "2712"]
[Annotator "TA"]
[PlyCount "79"]
[EventDate "2023.11.27"]
[EventType "tourn"]
[EventCountry "ENG"]
[SourceTitle "playchess.com"]
[Source "ChessBase"]
[SourceQuality "1"]
[TimeControl "40/5400+30:1800+30"]

1. e4 c5 2. Nf3 Nc6 3. Nc3 g6 4. Bc4 Bg7 5. O-O d6 6. d3 e6 7. Bd2 Nge7 8. a3 O-O {[%emt 0:01:15] B30: Sicilian: 2...Nc6 3 Bb5, lines without ...g6.} 9. Rb1 a6 10. b4 b5 11. Ba2 Bb7 {[%emt 0:05:15] [#]} 12. Ne2 $146 ({Predecessor:} 12. g3 cxb4 13. axb4 Qc7 14. Ne2 d5 15. Bf4 Qd7 16. c3 Rad8 17. e5 Qc7 18. h4 Nxe5 {0-1 Ortiz,J (486)-Bortnicker,J (912) RN-2015-0-00945}) 12... Qd7 13. Be3 cxb4 14. axb4 {[%emt 0:00:03] The position is equal.} a5 15. bxa5 Rxa5 16. Bb3 d5 17. Qc1 dxe4 18. dxe4 Qc7 19. Bf4 Ne5 20. Nxe5 $1 Bxe5 21. Qe3 b4 22. Rfd1 Rd8 23. Bxe5 Rxd1+ 24. Rxd1 Qxe5 25. f3 Ra1 26. Rxa1 Qxa1+ 27. Kf2 Qa5 {[%emt 0:00:37] Prevents Qb6} 28. Nf4 Nc6 29. Nd3 Ba6 30. Qc5 Bxd3 31. Qxc6 $11 {[%emt 0:00:07][%mdl 4096] Endgame KQB-KQB} Qa7+ 32. Kg3 Bf1 {[%emt 0:01:47] [#] And now ...Qg1 would win.} 33. Qd6 Qe3 {[%emt 0:12:10] Strongly threatening ...Qg5+.} 34. h4 {[%emt 0:01:00] Inhibits Qg5+.} Qe1+ 35. Kh3 Qf2 36. Qb8+ Kg7 {[%emt 0:00:04][%csl Gf1][%cal Rf2g2] [#]} 37. Qe5+ Kg8 38. Qb8+ Kg7 39. Qe5+ Kg8 40. Qb8+ {[%emt 0:00:00] An interesting draw.   Weighted Error Value: White=0.03 (flawless) /Black=0.02 (flawless)} 1/2-1/2